 Dungeon Sprint DCSS version 0.30-a0-137-gd8773701ce (webtiles) character file.

Game seed: 14376792817619126713

98 Pilot the Covered (level 4, -2/39 (40) HPs)
             Began as a Demigod Fighter on Sept 22, 2022.
             Slain by a wight
             ... wielding a +4 long sword
              (4 damage)
             ... in the Dungeon (Sprint VII: "The Pits").
             The game lasted 00:03:12 (619 turns).

Pilot the Covered (Demigod Fighter)                  Turns: 619, Time: 00:03:12

HP:   -2/39 (40)    AC: 12    Str: 21    XL:     4   Next: 20%
MP:   6/6           EV:  8    Int: 10    God:
Gold: 0             SH:  5    Dex: 13    Spells: 3/3 levels left

rFire   . . .      SeeInvis .    k - +2 falchion
rCold   . . .      Faith    .    c - +0 buckler
rNeg    . . .      Spirit   .    q - +3 chain mail
rPois   .          Reflect  .    (no helmet)
rElec   .          Harm     .    (no cloak)
rCorr   .          Rampage  .    (no gloves)
Will    .....      NoTele   +    (no boots)
Stlth   ..........               (no amulet)
HPRegen 0.13/turn                (no ring)
MPRegen 0.10/turn                (no ring)

@: lightly drained
A: high MP 1, forlorn, divine attributes
a: no special abilities


You were in the Dungeon.
You visited 1 branch

Inventory:

Hand Weapons
 a - a +0 long sword
 k - a +2 falchion (weapon)
Missiles
 m - 6 stones (quivered)
Armour
 b - a +0 scale mail
 c - a +0 buckler (worn)
 q - a +3 chain mail (worn)
Scrolls
 j - a scroll of blinking
 n - 5 scrolls of amnesia
 o - a scroll of summoning
 p - 2 scrolls of vulnerability
Potions
 d - a potion of might
 e - 6 potions of curing
 f - 6 potions of heal wounds
 g - a potion of haste
 h - 4 potions of magic
 i - 3 potions of berserk rage
 l - 2 potions of invisibility


   Skills:
 + Level 4.2 Fighting
 + Level 4.0 Long Blades
 + Level 0.1 Throwing
 + Level 4.7 Armour
 * Level 3.2 Dodging
 + Level 4.4 Shields


You had 3 spell levels left.
You didn't know any spells.
Your spell library was empty.

Dungeon Overview and Level Annotations

Branches:
Dungeon (1/1)


Innate Abilities, Weirdness & Mutations

You have an increased reservoir of magic. (+10% MP)
You shall have no god before yourself.
Your divine heritage dramatically boosts your attributes as you level up.


Message History

You hit the wight but do no damage.
The wight is moderately damaged.
You block the wight's attack.
You barely miss the wight.
The wight is moderately damaged.
The wight hits you with a +0 hand axe. x2; You feel drained.
You closely miss the wight.
The wight is moderately damaged.
You block the wight's attack.
You barely miss the wight.
The wight is moderately damaged.
The wight hits you but does no damage.
You hit the wight.
The wight is heavily damaged.
You block the wight's attack.
You hit the wight but do no damage.
The wight is heavily damaged.
The wight hits you but does no damage.
You hit the wight.
The wight is severely damaged.
The wight hits you with a +0 hand axe.
You feel drained.
* * * LOW HITPOINT WARNING * * *
You block the wight's attack.
You closely miss the wight.
The wight is severely damaged.
The wight hits you but does no damage.
You hit the wight.
You destroy the wight!
Your life force feels restored.
Your Fighting skill increases to level 4!
Your Long Blades skill increases to level 4!
Your Dodging skill increases to level 3!
Your Shields skill increases to level 4!
You have reached level 4!
You hit the wight.
The wight is lightly damaged.
The wight hits you with a +4 long sword!
* * * LOW HITPOINT WARNING * * *
You feel drained.
You die...

#_________.#
#_________.#
#_______...#######
##########'##.....
#....')))'.##.....
##########.##.....
#...........'.....
#'#####'#####.....
#@#..#..#..##.....
#z#..)..'..#####'#
#K##'####†###.....
#.#........##.....
#.#........##.....
#.#####'#####...<.
#.#...)))..##.....
#.#..[)))..##.....
#'###########.....


You could see a wight and a kobold.

Vanquished Creatures
  A wight (D)
  2 adders (D)
  A river rat (D)
  2 ufetubi (D)
  An orc (D)
  2 hobgoblins (D)
  3 ball pythons (D)
12 creatures vanquished.

Notes
Turn   | Place    | Note
-------+----------+-------------------------------------------
     0 | D        | Pilot the Demigod Fighter began the quest for the Orb.
     0 | D        | Reached XP level 1. HP: 18/18 MP: 3/3
    74 | D        | Reached skill level 1 in Dodging
    74 | D        | Reached XP level 2. HP: 25/26 MP: 4/4
   354 | D        | Reached XP level 3. HP: 29/33 MP: 5/5
   554 | D        | Noticed a redback
   554 | D        | Noticed a warg
   554 | D        | Noticed a cane toad
   594 | D        | Noticed a wight
   594 | D        | Noticed a wight
   618 | D        | Killed a wight
   619 | D        | Reached XP level 4. HP: 10/40 MP: 6/6
   619 | D        | HP: 2/40 [wight/+4 long sword (8)]
   619 | D        | Slain by a wight

Illustrated notes

Levels and vault maps discovered:
D:        pitsprint [storerooms_1, entrance_room_1, metal_vault_1, armoury_1,
          mini_pit_1, grid_room_1, main_hall_1, silver_pit, the_coven_3,
          the_vestibule_1, steel_vault_1, golden_pit, hallway_of_sentries,
          crystal_vault_6, iron_vault_5, final_vault]

Skill      XL: |  1  2  3 |
---------------+----------+-----
Fighting       | 3 4 |  4.2
Long Blades    | 2 4 |  4.0
Armour         | 3 4 |  4.7
Dodging        | 1 2 3 |  3.2
Shields        | 3 4 |  4.4
Throwing       | |  0.1

Action                   |  1- 3 |  4- 6 || total
-------------------------+-------+-------++-------
Melee: Falchion          |    59 |     1 ||    60
       Long sword        |     2 |       ||     2
Throw: Stone             |     4 |       ||     4
Armor: Scale mail        |    23 |       ||    23
       Chain mail        |     3 |       ||     3
Dodge: Dodged            |    44 |       ||    44
Block: Buckler           |    17 |       ||    17

Table legend: (Time is in decaauts)
 A = Elapsed time spent in this place.
 B = Non-inter-level travel time spent in this place.
 C = Inter-level travel time spent in this place.
 D = Time resting spent in this place.
 E = Time spent auto-exploring this place.
 F = Levels seen in this place.
 G = Mean time per level.
                   A        B        C        D        E       F      G
               +--------+--------+--------+--------+--------+-----+--------+
         Total |    631 |    439 |    192 |      0 |      0 |   1 |  631.0 |
       Dungeon |    631 |    439 |    192 |      0 |      0 |   1 |  631.0 |
               +--------+--------+--------+--------+--------+-----+--------+

Top non-repeatable levels by time:
       D: 631 daAuts
